Map: King Sejong Station LE

Players

SortOf - Winner!

  • Race: Zerg Zerg
  • League: Grandmaster

SKillous

  • Race: Protoss Protoss
  • League: Master

VOD

Have the link to the VOD?

Description

Time

  • Played on: Oct. 30, 2016, 7:23 a.m.
  • Length: 5:21
Show
View Real Time Build Order
Export as new Build Order

SortOf Zerg - Winner!

Build Orders: Hatch First 

Get SALT Encoding   

  12  0:00  Drone  
  13  0:13  Overlord  
  13  0:17  Drone  
  14  0:31  Drone  
  15  0:46  Drone x2  
  17  0:52  Unknown, Hatchery  
  16  1:00  Drone  
  17  1:07  Drone  
  18  1:13  Extractor  
  18  1:16  Spawning Pool  
  17  1:18  Drone  
  17  1:28  Drone  
  18  1:39  Drone  
  19  1:50  Overlord  
  19  2:01  Drone  
  20  2:02  Queen  
  20  2:04  Unknown  
  20  2:07  Queen  
  25  2:08  Zergling x2  
  25  2:13  Drone  
  26  2:17  Metabolic Boost  
  26  2:19  Drone  
  27  2:25  Drone  
  27  2:26  Drone  
  29  2:34  Drone  
  30  2:38  Zergling x2  
  31  2:45  Zergling x2  
  32  2:52  Drone  
  32  2:57  Zergling x2  
  34  3:01  Unknown, Hatchery  
  34  3:02  Drone, Pneumatized Carapace  
  34  3:05  Overlord  
  34  3:10  Drone  
  35  3:18  Drone  
  35  3:19  Overlord  
  36  3:23  Drone x5  
  41  3:27  Drone  
  41  3:29  Queen  
  44  3:37  Overlord  
  44  3:39  Zergling x2  
  45  3:45  Drone  
  46  3:50  Drone  
  46  3:52  Drone  
  46  3:53  Drone  
  46  3:54  Evolution Chamber, Drone  
  49  3:55  Baneling Nest  
  49  4:00  Drone  
  50  4:02  Drone  
  50  4:08  Lair  
  50  4:09  Queen  
  52  4:13  Unknown  
  52  4:15  Drone x2  
  54  4:17  Overlord  
  54  4:19  Drone x2  
  54  4:21  Drone x2  
  58  4:35  Spore Crawler  
  58  4:36  Spore Crawler  
  58  4:37  Zergling x12  
  58  4:38  Zergling x2  
  63  4:39  Spore Crawler  
  63  4:42  Queen  
  66  4:57  Zergling x12  
  72  5:01  Overlord, Drone  
  72  5:02  Drone  
Show
View Real Time Build Order
Export as new Build Order

SKillous Protoss 

Build Orders: 1 Gate Expand, Zealot Archon, Dark Templar Rush 

Get SALT Encoding   

  12  0:02  Probe (Chrono Boost)  
  13  0:13  Probe (Chrono Boost)  
  14  0:19  Pylon  
  14  0:23  Probe (Chrono Boost)  
  15  0:37  Probe (Chrono Boost)  
  15  0:42  Gateway  
  16  0:44  Assimilator  
  16  0:48  Probe (Chrono Boost)  
  17  0:59  Probe (Chrono Boost)  
  18  1:09  Probe (Chrono Boost)  
  19  1:21  Nexus, Unknown  
  19  1:25  Probe (Chrono Boost)  
  20  1:35  Probe (Chrono Boost)  
  20  1:39  Cybernetics Core  
  21  1:44  Assimilator  
  22  1:47  Probe (Chrono Boost)  
  22  1:54  Pylon  
  22  1:57  Probe (Chrono Boost)  
  23  2:12  Probe (Chrono Boost)  
  24  2:16  Adept  
  24  2:17  Warp Gate  
  24  2:21  Twilight Council  
  27  2:23  Probe (Chrono Boost)  
  27  2:33  Unknown  
  27  2:34  Probe (Chrono Boost)  
  27  2:35  Probe (Chrono Boost)  
  29  2:42  Pylon  
  29  2:43  Adept  
  31  2:46  Probe (Chrono Boost)  
  31  2:48  Probe (Chrono Boost)  
  33  2:57  Probe (Chrono Boost)  
  34  3:01  Robotics Facility  
  34  3:02  Probe (Chrono Boost)  
  35  3:07  Probe (Chrono Boost)  
  35  3:10  Dark Shrine  
  36  3:13  Probe (Chrono Boost)  
  36  3:18  Probe (Chrono Boost)  
  38  3:23  Pylon  
  38  3:26  Probe (Chrono Boost)  
  39  3:29  Probe (Chrono Boost)  
  39  3:31  Gateway  
  40  3:35  Gateway  
  40  3:37  Probe (Chrono Boost)  
  40  3:41  Probe (Chrono Boost)  
  42  3:47  Gateway  
  42  3:48  Probe (Chrono Boost)  
  43  3:49  Warp Prism  
  46  3:57  Probe (Chrono Boost)  
  46  3:58  Probe (Chrono Boost)  
  46  4:00  Assimilator  
  46  4:02  Assimilator  
  47  4:09  Probe x2 (Chrono Boost)  
  49  4:10  Pylon  
  49  4:20  Probe (Chrono Boost), Mothership Core (Chrono Boost)  
  53  4:31  Probe (Chrono Boost)  
  53  4:38  Probe (Chrono Boost)  
  54  4:40  Pylon  
  55  4:46  Dark Templar x2  
  55  4:47  Dark Templar  
  55  4:51  Dark Templar  
  55  4:52  Archon  
  62  4:55  Nexus, Unknown  
  62  4:59  Archon  
  62  5:06  Pylon  
Tags
 
Add a new tag
Caveats
  • Supply blocks, unpowered buildings, or Contaminate may cause inaccurate times.
  • Supply counts are checked every 10 seconds.